 Seeded DCSS version 0.27.1 (webtiles) character file.

Game seed: 101 (custom seed)

2841 a11behringer the Destroyer (level 9, -1/45 HPs)
             Began as a Deep Elf Conjurer on Aug 26, 2021.
             Was a Follower of Sif Muna.
             Killed by the air
             ... invoked by Gastronok
              (32 damage)
             ... on level 9 of the Dungeon on Aug 27, 2021.
             The game lasted 01:11:39 (9574 turns).

a11behringer the Destroyer (Deep Elf Conjurer)      Turns: 9574, Time: 01:11:39

Health: -1/45      AC:  9    Str:  4    XL:     9   Next: 46%
Magic:  5/22       EV: 14    Int: 27    God:    Sif Muna [*.....]
Gold:   147        SH:  0    Dex: 19    Spells: 6/23 levels left

rFire    + . .     SeeInvis +   l - +0 short sword (freeze)
rCold    x . .     Faith    .   (no shield)
rNeg     . . .     Spirit   .   G - +0 steam dragon scales
rPois    .         Reflect  .   t - +1 helmet {SInv}
rElec    .         Harm     .   C - +0 cloak
rCorr    .         Rampage  .   x - +0 pair of gloves
Will     .....                  (no boots)
Stlth    +++.......             n - amulet of regeneration
HPRegen  1.15/turn              g - +6 ring of dexterity
MPRegen  0.18/turn              z - ring of fire

@: slowed, very slow
A: no striking features
a: Renounce Religion, Channel Magic


You were on level 9 of the Dungeon.
You worshipped Sif Muna.
Sif Muna was aware of your devotion.
You visited 2 branches of the dungeon, and saw 10 of its levels.

You collected 329 gold pieces.
You spent 182 gold pieces at shops.

Inventory:

Hand Weapons
 b - a +0 dagger
 l - a +0 short sword of freezing (weapon)
 r - a +2 vampiric spear
 y - a +2 falchion
Armour
 a - a +0 robe
 t - a +1 helmet of see invisible (worn)
 x - a +0 pair of gloves (worn)
 C - a +0 cloak (worn)
 G - +0 steam dragon scales (worn)
Jewellery
 g - a +6 ring of dexterity (left hand)
 k - a ring of resist corrosion
 m - an amulet of the acrobat
 n - an amulet of regeneration (around neck)
 z - a ring of fire (right hand)
 F - a ring of ice
Wands
 v - a wand of flame (17)
 A - a wand of charming (8)
 D - a wand of paralysis (8)
Scrolls
 d - a scroll of magic mapping
 i - 3 scrolls of identify
 o - 2 scrolls of blinking
 p - 4 scrolls of immolation
 q - a scroll of amnesia
 s - a scroll of fog
 H - a scroll of fear {unknown}
Potions
 c - 2 potions of curing
 e - a potion of attraction
 h - 2 potions of invisibility
 j - 4 potions of flight
 u - a potion of brilliance
 w - a potion of lignification
 E - a potion of cancellation


   Skills:
 - Level 3.8 Dodging
 - Level 5.6 Stealth
 - Level 7.7 Spellcasting
 - Level 9.6 Conjurations
 - Level 3.6 Hexes
 * Level 3.8 Fire Magic
 * Level 3.8 Air Magic
 * Level 4.1 Earth Magic
 * Level 1.7 Invocations
 + Level 0.1 Evocations


You had 6 spell levels left.
You knew the following spells:

 Your Spells              Type           Power      Damage    Failure   Level
a - Magic Dart            Conj           100%       1d8       1%          1
b - Searing Ray           Conj           100%       3d7       1%          2
c - Fulminant Prism       Conj/Hex       23%        3d13      3%          4
d - Lightning Bolt        Conj/Air       23%        1d38      10%         5
e - Bolt of Magma         Conj/Fire/Erth 29%        4d13      14%         5

Your spell library contained the following spells:

 Spells                   Type           Power      Damage    Failure   Level
 Foxfire                  Conj/Fire      100%       2x1d9     1%          1
 Conjure Flame            Conj/Fire      63%        6-21      1%          3
 Dazzling Flash           Conj/Hex       92%        N/A       1%          3
 Stone Arrow              Conj/Erth      94%        3d12      1%          3
 Corpse Rot               Necr/Air       N/A        N/A       3%          2
 Poisonous Vapours        Pois/Air       40%        N/A       3%          2
 Inner Flame              Hex/Fire       45%        N/A       3%          3
 Tukima's Dance           Hex            30%        N/A       3%          3
 Apportation              Tloc           20%        N/A       5%          1
 Summon Small Mammal      Summ           40%        N/A       5%          1
 Summon Guardian Golem    Hex/Summ       20%        N/A       8%          3
 Iskenderun's Mystic Bla  Conj/Tloc      36%        2d9       8%          4
 Airstrike                Air            15%        N/A       11%         4
 Call Canine Familiar     Summ           10%        N/A       16%         3
 Summon Lightning Spire   Summ/Air       20%        N/A       24%         4
 Freezing Cloud           Conj/Ice/Air   17%        6-21      24%         5
 Passage of Golubria      Tloc           N/A        N/A       47%         4
 Yara's Violent Unravell  Hex/Tmut       10%        3d6       56%         5
 Alistair's Intoxication  Tmut/Pois      6%         N/A       83%         5
 Invisibility             Hex            15%        N/A       88%         6
 Shatter                  Erth           16%        3d15*     100%        9


Dungeon Overview and Level Annotations

Branches:
Dungeon (9/15)             Temple (1/1) D:7
   Lair: D:8-11         Orc: D:9-12

Altars:
Ashenzari
Dithmenos
Elyvilon
Fedhas
Gozag
Nemelex Xobeh
Qazlal
Sif Muna
Trog
Uskayaw
Vehumet
Yredelemnul

Shops:
D:2 *

Annotations:
D:9 Gastronok


Message History

Gastronok casts a spell.
Gastronok bites you!
Casting: Searing Ray (safe; 1% risk of failure)
Confirm with . or Enter, or press ? or * to list all spells.
Aiming: Searing Ray (safe; 1% risk of failure)
Press: ? - help, Shift-Dir - straight line, f/p - Gastronok
Aim: Gastronok, wearing a +0 hat of willpower (heavily wounded, 100% to hit)
The searing ray hits Gastronok!
Gastronok is heavily wounded. (Press . to maintain the ray.)
The quokka barely misses you.
The quokka bites you but does no damage.
The searing ray hits Gastronok!
Gastronok is severely wounded.
The quokka completely misses you. Gastronok bites you!!
Ouch! That really hurt!
* * * LOW HITPOINT WARNING * * *
The quokka bites you but does no damage.
You feel much better.
The quokka bites you but does no damage.
Gastronok casts a spell.
Gastronok puts on a burst of speed!
The quokka bites you.
As you read the scroll of teleportation, it crumbles to dust.
You feel strangely unstable.
The quokka bites you but does no damage.
Gastronok bites you but does no damage. The quokka barely misses you.
The quokka closely misses you.
Casting: Searing Ray (safe; 1% risk of failure)
Confirm with . or Enter, or press ? or * to list all spells.
Aiming: Searing Ray (safe; 1% risk of failure)
Press: ? - help, Shift-Dir - straight line, f/p - Gastronok
Aim: Gastronok, wearing a +0 hat of willpower (severely wounded, covering ground quickly, 100% to hit)
The searing ray hits Gastronok!
Gastronok is severely wounded. (Press . to maintain the ray.)
Your surroundings seem slightly different.
Gastronok waves his eye-stalks in wide circles.
The air twists around and strikes you!!
Ouch! That really hurt!
You die...

.. +......# #......#
##......#####+####
#..........@.....##
#........(.r......#
#.................#
#..........§w.....#
#.......$..$......+
##.....###.$##...##
#######.....###..# ...#
#....##......#.......?..
#....'.......#...... ..


You could see Gastronok (swift) and a quokka (summoned).

Vanquished Creatures
  A steam dragon (D:8)
  The ghost of cummra the Digger, an amateur GrEE (D:5)
  A water moccasin (D:7)
  2 sky beasts
  3 black bears
  2 ice beasts
  A necrophage (D:8)
  2 ogres
  A centaur (D:5)
  2 kobold brigands
  2 scorpions
  2 bullfrogs (D:8)
  5 wights (D:7)
  2 centaur zombies
  A bullfrog zombie (D:5)
  A centaur skeleton (D:5)
  3 hounds (D:5)
  2 jellies
  A gnoll shaman (D:7)
  2 orc priests
  3 iguanas
  8 orc wizards
  2 scorpion zombies (D:5)
  A killer bee zombie (D:8)
  5 gnolls (D:7)
  4 adders
  A howler monkey skeleton (D:6)
  A shadow imp (D:8)
  A white imp (D:8)
  A worm (D:3)
  5 dart slugs
  24 orcs
  7 ball pythons
  5 bats
  9 endoplasms
  4 giant cockroaches
  5 goblins
  8 hobgoblins
  3 jackals (D:5)
  4 quokkas
  4 frilled lizards
  8 kobolds
  5 rats
155 creatures vanquished.

Vanquished Creatures (others)
  3 fulminant prisms
3 creatures vanquished.

Grand Total: 158 creatures vanquished

Notes
Turn   | Place    | Note
-------+----------+-------------------------------------------
     0 | D:1      | a11behringer the Deep Elf Conjurer began the quest for the
                  | Orb.
     0 | D:1      | Reached XP level 1. HP: 10/10 MP: 6/6
   113 | D:1      | Reached XP level 2. HP: 9/15 MP: 2/8
   251 | D:1      | Learned a level 2 spell: Searing Ray
   318 | D:1      | Found a faded altar of an unknown god.
   343 | D:1      | Reached skill level 5 in Conjurations
   844 | D:1      | Reached XP level 3. HP: 19/19 MP: 4/9
  1295 | D:2      | Found Gaon's Assorted Antiques.
  1397 | D:2      | Reached XP level 4. HP: 24/24 MP: 7/11
  1793 | D:3      | Reached skill level 6 in Conjurations
  2328 | D:3      | Reached XP level 5. HP: 28/28 MP: 1/12
  2477 | D:3      | Found a hide-covered altar of Uskayaw.
  2917 | D:4      | Reached skill level 7 in Conjurations
  3549 | D:4      | Noticed an ogre
  3554 | D:4      | Killed an ogre
  3555 | D:4      | Reached XP level 6. HP: 32/32 MP: 7/14
  3680 | D:4      | Reached skill level 5 in Spellcasting
  4000 | D:4      | Learned a level 4 spell: Fulminant Prism
  4336 | D:5      | Entered Level 5 of the Dungeon
  4388 | D:5      | Found an opulent altar of Gozag.
  4393 | D:5      | Found a sparkling altar of Nemelex Xobeh.
  4469 | D:5      | Noticed an ice beast
  4476 | D:5      | Killed an ice beast
  4477 | D:5      | Reached XP level 7. HP: 36/36 MP: 9/17
  4533 | D:5      | Found a transporter.
  4533 | D:5      | Noticed cummra's ghost (amateur GrEE)
  4537 | D:5      | Found a transporter.
  4552 | D:5      | Reached skill level 8 in Conjurations
  4569 | D:5      | HP: 1/36 [hound (3)]
  4908 | D:5      | Killed cummra's ghost
  5340 | D:5      | Reached skill level 9 in Conjurations
  5340 | D:5      | Reached XP level 8. HP: 41/41 MP: 13/20
  6547 | D:2      | Bought a scroll labelled ZUPTUN ICHU for 26 gold pieces
  6547 | D:2      | Bought a blackened cabochon ring for 130 gold pieces
  6547 | D:2      | Bought a scroll labelled HOSHRA UFICO for 26 gold pieces
  6807 | D:6      | Learned a level 5 spell: Lightning Bolt
  6813 | D:6      | Learned a level 5 spell: Bolt of Magma
  7304 | D:7      | Reached skill level 1 in Fire Magic
  7450 | D:7      | Reached skill level 5 in Stealth
  7462 | D:7      | Reached skill level 1 in Earth Magic
  7465 | D:7      | Reached skill level 1 in Air Magic
  7647 | D:7      | Reached skill level 1 in Hexes
  7672 | D:7      | Found a staircase to the Ecumenical Temple.
  7684 | Temple   | Entered the Ecumenical Temple
  7763 | Temple   | Became a worshipper of Sif Muna the Loreminder
  8057 | D:7      | Reached XP level 9. HP: 45/45 MP: 16/22
  9087 | D:8      | Reached skill level 1 in Invocations
  9466 | D:9      | Reached * piety under Sif Muna
  9558 | D:9      | Noticed Gastronok
  9574 | D:9      | Killed from afar by Gastronok

Illustrated notes

Levels and vault maps discovered:
D:1:      minmay_arrival_glassed_features, layout_basic,
          hellmonk_ecumenical_altar_crossroads, minmay_pentomino_s2
D:2:      layout_loops_ring, serial_shops, shop_fountains, kennysheep_nub
D:3:      layout_basic, mainiacjoe_overflow_boulevard, bh_walls_and_bars
D:4:      layout_basic, serial_bayou_lagoon_b
D:5:      layout_gridville, grunt_temple_overflow_opulence,
          gammafunk_ghost_arena, chequers_serial_rivers_micro_e,
          minmay_misc_feat_chi
D:6:      layout_basic
D:7:      layout_basic, minmay_temple_entry_wispy
D:8:      layout_gridville, minmay_door_square, nicolae_benzene_ring
D:9:      layout_gridville, lair_entry_dummy, uniq_gastronok, uniq_maurice
Temple:   dpeg_five_rooms_temple

Skill      XL: |  1  2  3  4  5  6  7  8  9 |
---------------+----------------------------+-----
Conjurations   | 5 6 7 9 |  9.6
Stealth        | 3 4 5 |  5.6
Spellcasting   | 4 5 6 7 |  7.7
Dodging        | 3 |  3.8
Fire Magic     | 2 3 |  3.8
Earth Magic    | 2 4 |  4.1
Air Magic      | 2 3 |  3.8
Hexes          | 2 3 |  3.6
Invocations    | 1 |  1.7
Evocations     | |  0.1

Action                   |  1- 3 |  4- 6 |  7- 9 || total
-------------------------+-------+-------+-------++-------
Melee: Dagger            |     2 |       |       ||     2
       Short sword       |       |     7 |    10 ||    17
 Cast: Magic Dart        |    41 |    61 |    71 ||   173
       Searing Ray       |     8 |    30 |    52 ||    90
       Fulminant Prism   |       |       |     3 ||     3
       Lightning Bolt    |       |       |     9 ||     9
Evoke: Wand              |       |       |     3 ||     3
  Use: Scroll            |     1 |     2 |    17 ||    20
       Potion            |       |       |     2 ||     2
 Stab: Distracted        |       |     1 |       ||     1
Armor: Robe              |       |       |    10 ||    10
       Steam dragon scal |       |       |     8 ||     8
Dodge: Dodged            |     1 |     9 |    60 ||    70
